AoeStats
← K

Pilgrims

508415139Analyzed
4v4 RM · 11d ago on Sep 22, 2026· 69m 36s· 8 players
Game mode
Random Map
Map size
Large (8 player)
Population
200
Speed
Normal
Resources
Standard
Victory
Conquest
Starting age
Dark Age
Ending age
Imperial Age
RankedLock teamsTeams togetherTeam positionsShared explorationLock speedFull tech treeHidden civsTurbo modeCheats
Victory
Defeat
🇹🇼 Japanese · Taiwan
1267
+13
🇹🇼 Huns · Taiwan
1240
+14
🇹🇼 Mapuche · Taiwan
1237
+14
🇩🇰 Dravidians · Denmark
1189
+16
🇨🇳 Koreans · China
1312
-18
🇹🇼 Hindustanis · Taiwan
1208
-15
🇬🇧 Teutons · United Kingdom
1184
-14
🇨🇳 Magyars · China
1093
-10
popo770723
5:52 Loom
7:22 Loom
10:59 Feudal Age
18:26 Castle Age
17:08 Horse Collar
18:58 Double-Bit Axe
19:43 Heavy Plow
20:33 Bow Saw
26:08 Wheelbarrow
25:36 Stone Mining
25:39 Gold Mining
27:10 Gold Shaft Mining
28:01 Hand Cart
31:33 Imperial Age
29:41 Forging
29:31 Scale Mail Armor
29:39 Scale Barding Armor
30:03 Scale Mail Armor
30:08 Grand Trunk Road
30:00 Town Watch
30:49 Town Patrol
31:26 Iron Casting
31:00 Squires
30:46 Arson
32:40 Stone Shaft Mining
32:30 Chain Mail Armor
33:27 Blast Furnace
32:50 Conscription
32:27 Elite Ghulam
35:02 Blast Furnace
33:53 Fletching
49:21 Bodkin Arrow
49:33 Scale Barding Armor
49:08 Pikeman
55:24 Chemistry
54:45 Ballistics
60:01 Light Cavalry
60:52 Bloodlines
60:42 Husbandry
60:53 Hussar
62:11 Chain Barding Armor
62:53 Chain Barding Armor
945100118
12:50 Feudal Age
18:04 Castle Age
17:27 Double-Bit Axe
28:28 Padded Archer Armor
28:19 Fletching
30:26 Bloodlines
33:47 Horse Collar
36:11 Thumb Ring
36:27 Leather Archer Armor
38:36 Elite Skirmisher
40:41 Heavy Plow
44:38 Imperial Age
42:48 Wheelbarrow
41:58 Town Watch
41:59 Loom
46:52 Light Cavalry
47:31 Heavy Cavalry Archer
48:37 Parthian Tactics
48:23 Husbandry
49:54 Hand Cart
49:39 Town Patrol
51:29 Hand Cart
54:03 Stone Mining
54:06 Gold Mining
54:52 Town Patrol
58:19 Hussar
61:49 Elite Skirmisher
SimonGood
4:44 Loom
10:14 Feudal Age
11:06 Fishing Lines
11:26 Double-Bit Axe
15:51 Castle Age
16:38 Wheelbarrow
17:06 Bow Saw
19:47 Gold Mining
20:06 Fletching
22:02 Ballistics
26:44 Bodkin Arrow
28:38 Horse Collar
34:26 Heavy Plow
36:45 Squires
36:30 Arson
40:52 Imperial Age
39:03 Scale Mail Armor
39:14 Forging
39:08 Squires
38:53 Arson
38:54 Gambesons
40:28 Gold Shaft Mining
39:48 Stone Mining
40:18 Hand Cart
40:23 Chain Mail Armor
41:02 Capped Ram
41:09 Elite Fire Lancer
42:22 Plate Mail Armor
42:28 Iron Casting
42:31 Conscription
51:02 Chemistry
K
7:57 Loom
11:30 Feudal Age
16:40 Fletching
28:41 Castle Age
27:42 Double-Bit Axe
29:58 Forging
29:49 Scale Mail Armor
29:58 Pikeman
36:17 Wheelbarrow
37:27 Town Watch
39:45 Horse Collar
45:02 Bow Saw
46:53 Chain Mail Armor
47:16 Iron Casting
49:55 Chain Mail Armor
51:25 Squires
51:10 Gambesons
51:11 Arson
53:25 Hand Cart
53:15 Heavy Plow
Dongart
7:36 Loom
10:02 Feudal Age
10:34 Double-Bit Axe
10:41 Gold Mining
10:52 Fishing Lines
18:53 Castle Age
19:04 Horse Collar
20:02 Medium Warships
19:44 Gillnets
20:14 Bow Saw
22:37 Heavy Plow
24:56 Wheelbarrow
30:06 Imperial Age
27:58 Stone Mining
28:39 Fletching
28:50 Padded Archer Armor
29:30 Bodkin Arrow
29:59 Elite Skirmisher
30:44 Thumb Ring
32:05 Chemistry
31:16 Bracer
32:23 Leather Archer Armor
32:40 Ballistics
34:59 Two-Man Saw
35:47 Ring Archer Armor
40:39 Masonry
43:03 Conscription
42:45 Scale Mail Armor
42:56 Forging
43:39 Squires
43:25 Arson
43:57 Chain Mail Armor
44:28 Murder Holes
45:10 Iron Casting
45:38 Hand Cart
46:33 Plate Mail Armor
60:38 Caravan
62:46 Guilds
64:15 Blast Furnace
64:28 Pikeman
64:33 Elite Elephant Archer
65:17 Halberdier
66:33 Gambesons
67:36 Man-at-Arms
68:40 Wootz Steel
68:03 Siege Elephant
clp0526
8:14 Loom
13:37 Feudal Age
13:42 Feudal Age
15:28 Double-Bit Axe
15:24 Horse Collar
19:31 Castle Age
17:31 Gold Mining
17:32 Stone Mining
21:18 Bow Saw
22:59 Heavy Plow
26:34 Fletching
26:44 Padded Archer Armor
29:55 Wheelbarrow
29:07 Town Watch
34:05 Imperial Age
32:17 Malon
32:15 Bodkin Arrow
31:47 Elite Skirmisher
33:03 Gold Shaft Mining
33:17 Hand Cart
32:52 Pikeman
34:39 Stone Shaft Mining
34:17 Forging
34:23 Leather Archer Armor
34:08 Scale Mail Armor
35:54 Iron Casting
36:00 Crop Rotation
34:54 Halberdier
35:43 Butalmapu
35:58 Conscription
35:30 Elite Kona
37:53 Ballistics
40:11 Blast Furnace
40:08 Elite Bolas Rider
41:11 Town Patrol
41:58 Ring Archer Armor
41:29 Scale Mail Armor
43:07 Chemistry
44:07 Treadmill Crane
45:50 Chain Mail Armor
47:11 Hoardings
49:20 Siege Engineers
49:25 Masonry
49:03 Arrowslits
49:20 Arson
50:37 Murder Holes
51:28 Plate Mail Armor
52:15 Architecture
58:23 Coinage
60:28 Bombard Tower
61:17 Champi Runner
62:45 Banking
63:23 Champi Warrior
64:29 Elite Champi Warrior
68:00 Caravan
68:04 Atonement
68:14 Fervor
68:05 Devotion
68:25 Sanctity
68:41 Theocracy
68:01 Herbal Medicine
67:41 Crossbowman
68:31 Siphons
68:36 Clinker Construction
68:37 Careening
69:10 Sappers
飛衫走奶
3:49 Loom
12:04 Feudal Age
12:31 Double-Bit Axe
13:49 Wheelbarrow
13:00 Fishing Lines
14:04 Wheelbarrow
14:49 Fletching
18:35 Castle Age
19:07 Gillnets
20:09 Medium Warships
21:18 Hand Cart
21:46 Bow Saw
22:30 Bodkin Arrow
26:22 Fervor
26:42 Gold Mining
26:43 Stone Mining
26:36 Horse Collar
29:51 Imperial Age
29:15 Gold Shaft Mining
29:15 Forging
29:05 Scale Mail Armor
29:06 Yasama
29:56 Pikeman
30:37 Squires
30:23 Arson
30:24 Gambesons
31:06 Bracer
30:50 Treadmill Crane
32:12 Chemistry
32:37 Two-Man Saw
31:30 Man-at-Arms
32:34 Ballistics
32:05 Guard Tower
32:13 Murder Holes
32:37 Halberdier
32:39 Long Swordsman
33:56 Iron Casting
34:19 Chain Mail Armor
34:06 Padded Archer Armor
34:12 Scale Barding Armor
34:00 Two-Handed Swordsman
36:20 Blast Furnace
36:26 Plate Mail Armor
35:58 Padded Archer Armor
36:23 Kataparuto
36:25 Conscription
36:31 Heavy Plow
37:09 Arrowslits
37:03 Champion
37:29 Capped Ram
38:26 Leather Archer Armor
42:01 Keep
42:17 Ring Archer Armor
41:53 Scale Barding Armor
43:15 Chain Barding Armor
43:46 Siege Engineers
48:12 Elite Samurai
65:53 Caravan
神鬼戰士
5:15 Loom
12:54 Feudal Age
14:20 Wheelbarrow
13:30 Town Watch
13:34 Double-Bit Axe
17:28 Castle Age
15:51 Scale Barding Armor
15:57 Forging
18:02 Bloodlines
17:29 Light Cavalry
18:13 Husbandry
20:36 Fletching
21:22 Bodkin Arrow
23:13 Hand Cart
31:32 Stone Mining
34:37 Horse Collar
36:20 Heavy Plow
36:45 Bow Saw
42:39 Murder Holes
43:05 Ballistics
44:53 Iron Casting
44:19 Padded Archer Armor
49:54 Imperial Age
48:26 Chain Barding Armor
52:50 Bracer
53:25 Plate Barding Armor
53:52 Blast Furnace
53:56 Chemistry
52:54 Hussar
60:18 Capped Ram
61:09 Siege Ram
63:32 Conscription
63:58 Conscription
Connection lost

Rejoining the realm…

Still unreachable

The connection could not be restored.

Session expired

The server has moved on; the page needs a fresh start.